 Dungeon Crawl Stone Soup version 0.24-a0-516-g9de272bb65 (webtiles) character file.

Game seed: 18302044181262599531

33110 nikopol the Eclecticist (level 13, -1/66 HPs)
             Began as a Deep Elf Fire Elementalist on July 21, 2019.
             Was a Follower of Vehumet.
             Slain by an eight-headed hydra (2 damage)
             ... on level 5 of the Lair of Beasts.
             The game lasted 01:10:34 (20303 turns).

nikopol the Eclecticist (DEFE)                     Turns: 20303, Time: 01:10:35

Health: -1/66      AC:  9    Str:  5    XL:     13   Next: 35%
Magic:  40/44      EV: 15    Int: 29    God:    Vehumet [*.....]
Gold:   1860       SH:  5    Dex: 15    Spells: 27/44 levels left

rFire    . . .     SeeInvis .   (no weapon)
rCold    . . .     Gourm    +   E - +0 buckler
rNeg     . . .     Faith    .   a - +0 robe
rPois    .         Spirit   .   R - +1 helmet
rElec    .         Reflect  .   u - +0 cloak
rCorr    .         Harm     .   J - +2 pair of gloves
MR       +....                  W - +0 pair of boots
Stlth    +++.......             y - amulet of the gourmand
HPRegen  0.21/turn              i - +3 ring of intelligence
MPRegen  0.29/turn              d - ring of magical power

@: no status effects
A: no striking features
a: Renounce Religion


You were on level 5 of the Lair of Beasts.
You worshipped Vehumet.
Vehumet was aware of your devotion.
You were completely stuffed.

You visited 3 branches of the dungeon, and saw 18 of its levels.
You also visited: Ice Cave.

You collected 1860 gold pieces.

Inventory:

Hand Weapons
 A - a +1 dagger of speed
 D - a +1 dagger of protection
Armour
 a - a +0 robe (worn)
 u - a +0 cloak (worn)
 E - a +0 buckler (worn)
 J - a +2 pair of gloves (worn)
 R - a +1 helmet (worn)
 W - a +0 pair of boots (worn)
Magical Staves
 G - an uncursed staff of air
Jewellery
 d - a ring of magical power (right hand)
 h - an uncursed ring of flight
 i - a +3 ring of intelligence (left hand)
 y - an amulet of the gourmand (around neck)
 F - an uncursed ring of poison resistance
 N - an uncursed ring of protection from cold
 P - an uncursed ring of protection from fire
Wands
 K - a wand of paralysis (13)
 L - a wand of clouds (2)
 Q - a wand of iceblast (11)
 S - a wand of digging (6)
 U - a wand of acid (6)
 X - a wand of enslavement (6)
 Y - a wand of scattershot (6)
Scrolls
 b - 2 scrolls of identify
 f - 8 scrolls of enchant armour
 g - 11 scrolls of remove curse
 j - 9 scrolls of teleportation
 l - 3 scrolls of enchant weapon
 p - 2 scrolls of fear
 t - a scroll of acquirement
 w - 5 scrolls of amnesia
 x - 5 scrolls of magic mapping
 z - a scroll of holy word
 B - a scroll of immolation
 T - a scroll of fog
Potions
 e - 8 potions of curing
 k - 4 potions of haste
 m - 6 potions of lignification
 n - a potion of magic
 o - a potion of cancellation
 q - a potion of resistance
 r - a potion of agility
 s - a potion of berserk rage
 v - 2 potions of heal wounds
 C - a potion of ambrosia
 V - a potion of mutation
 Z - a potion of flight
Comestibles
 c - 23 rations


   Skills:
 + Level 1.8 Fighting
 + Level 5.1 Dodging
 + Level 5.4 Stealth
 * Level 5.8 Shields
 + Level 16.0 Spellcasting
 + Level 13.1 Conjurations
 + Level 12.8 Fire Magic
 + Level 1.0 Evocations


You had 27 spell levels left.
You knew the following spells:

 Your Spells              Type           Power        Failure   Level  Hunger
a - Flame Tongue          Conj/Fire      #####        0%          1    None
b - Throw Flame           Conj/Fire      ######       0%          2    None
c - Conjure Flame         Conj/Fire      #######.     1%          3    None
d - Sticky Flame          Conj/Fire      #######.     1%          4    None
e - Fireball              Conj/Fire      #######...   1%          5    None
k - Blink                 Tloc           N/A          3%          2    None

Your spell library contained the following spells:

 Spells                   Type           Power        Failure   Level  Hunger
 Freeze                   Ice            ###.         1%          1    None
 Magic Dart               Conj           ####         0%          1    None
 Apportation              Tloc           ###...       1%          1    None
 Beastly Appendage        Tmut           ###...       1%          1    None
 Summon Butterflies       Summ           ###.....     1%          1    None
 Inner Flame              Hex/Fire       ######..     1%          3    None
 Mephitic Cloud           Conj/Pois/Air  #####...     1%          3    None
 Call Imp                 Summ           ###.....     3%          2    None
 Ensorcelled Hibernation  Hex/Ice        ###...       3%          2    None
 Slow                     Hex            ###.....     3%          2    None
 Sticks to Snakes         Tmut           ###.....     3%          2    None
 Call Canine Familiar     Summ           ###.....     6%          3    None
 Lesser Beckoning         Tloc           ###.......   6%          3    None
 Spider Form              Tmut/Pois      ###.......   6%          3    None
 Tukima's Dance           Hex            ###.....     6%          3    None
 Ice Form                 Ice/Tmut       ###.....     21%         4    None
 Summon Ice Beast         Ice/Summ       ###.....     21%         4    None
 Alistair's Intoxication  Tmut/Pois      ###.....     50%         5    None
 Blade Hands              Tmut           ###.......   50%         5    None
 Borgnjor's Vile Clutch   Necr/Erth      ###.......   50%         5    None
 Silence                  Hex/Air        ###.......   50%         5    None
 Summon Mana Viper        Hex/Summ       ###.....     50%         5    None
 Darkness                 Hex            ###.......   97%         6    ###....
 Invisibility             Hex            ###.....     97%         6    ###....
 Shadow Creatures         Summ           N/A          97%         6    ###....
 Summon Hydra             Summ           ###.......   100%        7    #####..


Dungeon Overview and Level Annotations

Branches:
Dungeon (11/15)            Temple (1/1) D:6            Lair (6/6) D:11
  Swamp (0/4) Lair:2        Snake (0/4) Lair:3        Slime (0/5) Lair:5
    Orc: D:9-12

Altars:
Cheibriados
Dithmenos
Elyvilon
Gozag
Hepliaklqana
Kikubaaqudgha
Makhleb
Nemelex Xobeh
Okawaru
Qazlal
Ru
Sif Muna
Trog
Uskayaw
Vehumet
Xom
Yredelemnul
The Shining One
Jiyva

Shops:
D:11 *

Annotations:
D:5 2 runed translucent doors, Phong's ghost, amateur DrCj
D:6 Eustachio
D:9 2 transporters, junkhipster's ghost, novice GrFi


Message History

The eight-headed hydra closely misses you.
The eight-headed hydra bites you but does no damage. x2
The eight-headed hydra misses you.
The eight-headed hydra closely misses you. x4
Casting: Fireball (safe; 1% risk of failure)
Confirm with . or Enter, or press ? or * to list all spells.
Aiming: Sticky Flame (safe; 1% risk of failure)
Press: ? - help, Shift-Dir - straight line, f - eight-headed hydra
Aim: an eight-headed hydra The sticky flame hits the eight-headed hydra!
The eight-headed hydra is lightly wounded.
The eight-headed hydra is covered in liquid flames!
The eight-headed hydra burns!
The eight-headed hydra bites you!
The eight-headed hydra closely misses you. x2
The eight-headed hydra bites you!
* * * LOW HITPOINT WARNING * * *
The eight-headed hydra bites you!
* * * LOW HITPOINT WARNING * * *
The eight-headed hydra bites you.
You die...

......# #..## #..#..#...## ......#
##..####..........# ......##
#....##.....##.#..# .......#
##...##....####...# .......#
##...###....P####..## .......#
#.#...#.P....##....P# ......##
###...#.............. .#....#
#..>...............
#.....#########.@D.#.............
###P......P.##....####....##.....
.....[............###.....##...[.
.................P##.....###.....
.P................P.#............
#.PP.............<..............รท
####.............................
##..................(..#.......
###................#.#...........


You could see an eight-headed hydra (burning).

Vanquished Creatures
  A hydra (Lair:5)
  2 ice dragons (IceCv)
  A centaur warrior (D:9)
  5 death yaks (Lair:4)
  A two-headed ogre (D:8)
  Nergalle (D:11)
  An oklob plant (Lair:3)
  A cyclops (D:11)
  A black mamba (Lair:1)
  2 ice statues (IceCv)
  6 elephants (Lair:4)
  Joseph (D:7)
  A torpor snail (Lair:4)
  A gargoyle (D:10)
  6 spiny frogs
  4 rime drakes
  3 komodo dragons
  4 polar bears
  2 trolls (D:9)
  Prince Ribbit (D:6)
  Grinder (D:4)
  5 blink frogs (Lair:1)
  3 hippogriffs
  Sigmund (D:6)
  A spriggan (D:7)
  3 basilisks
  19 yaks
  2 hungry ghosts
  A steam dragon (Lair:3)
  A soldier ant (D:10)
  Edmund (D:6)
  8 water moccasins
  9 porcupines
  Duvessa (D:6)
  2 orc warriors
  4 sky beasts
  14 ice beasts (IceCv)
  4 phantoms
  6 black bears
  4 necrophages
  6 ogres
  5 centaurs
  15 crocodiles
  A gnoll sergeant (D:8)
  14 bullfrogs
  2 big kobolds
  A wyvern zombie (D:9)
  4 scorpions
  Dowan (D:6)
  6 killer bees
  2 wights (D:7)
  4 electric eels
  2 centaur zombies (D:7)
  3 bullfrog zombies
  5 crimson imps
  3 hounds
  3 jellies
  3 bullfrog skeletons
  3 centaur skeletons
  2 gnoll shamans
  4 orc priests
  9 orc wizards
  4 iguanas
  6 hell rats (Lair:4)
  8 worker ants
  A killer bee zombie (D:7)
  A hound zombie (D:7)
  A hound skeleton (D:10)
  A mummy (D:7)
  A howler monkey zombie (D:7)
  2 worker ant zombies
  17 adders
  15 gnolls
  A shadow imp (D:9)
  An ooze (D:1)
  An adder skeleton (D:4)
  An adder zombie (D:7)
  3 worms
  7 leopard geckos
  33 orcs
  9 bats
  6 giant cockroaches
  9 goblins
  11 hobgoblins
  11 jackals
  3 quokkas
  A ball python (D:1)
  6 frilled lizards
  29 kobolds
  A leopard gecko zombie (D:5)
  11 rats
  5 bushes (Lair:3)
  7 plants (Lair:4)
446 creatures vanquished.

Vanquished Creatures (others)
  A bush (Lair:4)
  A fire vortex (Lair:3)
  28 fungi
  20 plants
50 creatures vanquished.

Grand Total: 496 creatures vanquished

Notes
Turn   | Place    | Note
-------+----------+-------------------------------------------
     0 | D:1      | nikopol the Deep Elf Fire Elementalist began the quest for
                  | the Orb.
     0 | D:1      | Reached XP level 1. HP: 10/10 MP: 6/6
   108 | D:1      | Reached XP level 2. HP: 15/15 MP: 2/8
   620 | D:1      | Reached XP level 3. HP: 7/19 MP: 3/10
   814 | D:1      | Learned a level 2 spell: Throw Flame
   818 | D:1      | Learned a level 3 spell: Conjure Flame
  1051 | D:2      | Reached XP level 4. HP: 24/24 MP: 3/11
  1139 | D:2      | Learned a level 4 spell: Sticky Flame
  1275 | D:2      | Reached skill level 4 in Spellcasting
  1831 | D:2      | Noticed a centaur
  1839 | D:2      | Killed a centaur
  1839 | D:2      | Reached skill level 5 in Spellcasting
  1839 | D:2      | Reached XP level 5. HP: 8/28 MP: 1/14
  2365 | D:3      | Reached skill level 5 in Fire Magic
  2674 | D:3      | Reached XP level 6. HP: 32/32 MP: 13/16
  2858 | D:3      | Found a sacrificial altar of Ru.
  3288 | D:4      | Noticed Grinder
  3298 | D:4      | Killed Grinder
  3298 | D:4      | Reached skill level 6 in Spellcasting
  3298 | D:4      | Reached XP level 7. HP: 29/36 MP: 7/18
  3645 | D:5      | Entered Level 5 of the Dungeon
  3645 | D:5      | Found a hide-covered altar of Uskayaw.
  3673 | D:5      | Learned a level 5 spell: Fireball
  3704 | D:5      | Found a runed translucent door.
  3704 | D:5      | Noticed Phong's ghost (amateur DrCj)
  4071 | D:5      | Reached skill level 7 in Spellcasting
  4071 | D:5      | Reached skill level 5 in Conjurations
  4423 | D:5      | Reached XP level 8. HP: 34/41 MP: 5/21
  4578 | D:5      | Found a runed translucent door.
  4613 | D:5      | Reached skill level 8 in Spellcasting
  5381 | D:6      | Found a staircase to the Ecumenical Temple.
  5387 | D:6      | Noticed Dowan
  5389 | D:6      | Noticed Duvessa
  5405 | D:6      | Killed Dowan
  5405 | D:6      | Reached skill level 9 in Spellcasting
  5476 | D:6      | Killed Duvessa
  5738 | D:6      | Noticed Prince Ribbit
  5751 | D:6      | Killed Prince Ribbit
  5751 | D:6      | Reached XP level 9. HP: 37/46 MP: 11/24
  5899 | D:6      | Noticed Edmund
  5910 | D:6      | Killed Edmund
  6058 | D:6      | Noticed Sigmund
  6064 | D:6      | Killed Sigmund
  6064 | D:6      | Reached skill level 10 in Spellcasting
  6171 | D:6      | Noticed Eustachio
  7533 | D:7      | Reached skill level 1 in Fighting
  7539 | D:7      | Found an ancient bone altar of Kikubaaqudgha.
  7626 | D:7      | Noticed Joseph
  7634 | D:7      | Killed Joseph
  7634 | D:7      | Reached skill level 11 in Spellcasting
  7899 | D:7      | Reached skill level 1 in Evocations
  8177 | D:7      | Reached XP level 10. HP: 48/52 MP: 21/27
  8600 | D:7      | Learned a level 2 spell: Blink
  8776 | D:8      | Reached skill level 10 in Fire Magic
  9505 | D:8      | Noticed a two-headed ogre
  9512 | D:8      | Killed a two-headed ogre
  9809 | D:9      | Noticed a centaur warrior
  9826 | D:9      | Killed a centaur warrior
  9826 | D:9      | Reached skill level 12 in Spellcasting
 10162 | D:9      | Reached skill level 5 in Stealth
 10168 | D:9      | Found a transporter.
 10170 | D:9      | Identified the +4 war axe "Impslayer" {protect, rElec
                  | rPois}
 10170 | D:9      | Noticed a tengu warrior
 10174 | D:9      | Found a bloodstained altar of Trog.
 10179 | D:9      | Noticed a two-headed ogre
 10179 | D:9      | Noticed a moth of wrath
 10182 | D:9      | Identified the cursed +11 giant spiked club of Extremism
                  | {drain, rElec rPois rC++ Stlth-}
 10182 | D:9      | Noticed a two-headed ogre
 10216 | D:9      | Noticed junkhipster's ghost (novice GrFi)
 10313 | D:9      | Found a transporter.
 10683 | D:10     | Entered Level 10 of the Dungeon
 10828 | D:10     | Noticed a gargoyle
 10838 | D:10     | Killed a gargoyle
 10838 | D:10     | Reached XP level 11. HP: 55/56 MP: 19/29
 11537 | D:11     | Reached skill level 13 in Spellcasting
 12173 | D:11     | Noticed Nergalle
 12179 | D:11     | Noticed a spectral orc warlord
 12358 | D:11     | Killed Nergalle
 12358 | D:11     | Reached skill level 1 in Shields
 12358 | D:11     | Reached skill level 10 in Conjurations
 12449 | D:11     | Found a staircase to the Lair.
 12775 | D:11     | Found Hoecur's Mass Market.
 12932 | D:11     | Reached skill level 5 in Dodging
 13017 | Lair:1   | Entered Level 1 of the Lair of Beasts
 13177 | Lair:1   | Reached skill level 14 in Spellcasting
 13679 | Lair:1   | Reached XP level 12. HP: 44/62 MP: 30/32
 13681 | Lair:1   | Found a frozen archway.
 13688 | IceCv    | Entered an ice cave
 14516 | IceCv    | Noticed an ice dragon
 14518 | IceCv    | Noticed an ice dragon
 14521 | IceCv    | Killed an ice dragon
 14522 | IceCv    | Killed an ice dragon
 15461 | Lair:2   | Reached skill level 15 in Spellcasting
 15862 | Lair:2   | Found a staircase to the Swamp.
 16869 | Lair:3   | Found a staircase to the Snake Pit.
 17209 | Temple   | Entered the Ecumenical Temple
 17218 | Temple   | Became a worshipper of Vehumet
 17881 | Lair:4   | Found a gate leading to a gauntlet.
 17928 | Lair:4   | Reached skill level 5 in Shields
 18010 | Lair:4   | Noticed a death yak
 18017 | Lair:4   | Killed a death yak
 18249 | Lair:4   | Noticed a death yak
 18249 | Lair:4   | Noticed a death yak
 18249 | Lair:4   | Noticed a death yak
 18249 | Lair:4   | Noticed a death yak
 18257 | Lair:4   | Killed a death yak
 18257 | Lair:4   | Reached XP level 13. HP: 48/66 MP: 14/34
 18448 | Lair:4   | Reached * piety under Vehumet
 18448 | Lair:4   | Offered knowledge of Freeze by Vehumet.
 19102 | Lair:5   | Reached skill level 16 in Spellcasting
 19240 | Lair:5   | Identified a scroll of acquirement
 19262 | Lair:5   | Found a viscous altar of Jiyva.
 19262 | Lair:5   | Found a staircase to the Slime Pits.
 20025 | Lair:6   | Entered Level 6 of the Lair of Beasts
 20303 | Lair:5   | HP: 1/66 [eight-headed hydra (8)]
 20303 | Lair:5   | Slain by an eight-headed hydra

Levels and vault maps discovered:
D:1:      co_arrival_square_in_a_square_in_a_square, layout_basic
D:2:      minmay_chambers_of_ones, layout_basic
D:3:      layout_basic, serial_glass, glass_columns_a, glass_columns_a,
          nicolae_ru_the_path_less_chosen
D:4:      layout_loops_ring, first_ration, uniq_grinder
D:5:      kennysheep_kobold_camp, layout_basic, basic_altar,
          ebering_ghost_sewer_f
D:6:      layout_loops_corners, minmay_temple_entry_purple_smoke, uniq_duvessa,
          uniq_prince_ribbit1, uniq_sigmund, uniq_eustachio, uniq_edmund
D:7:      layout_loops_ring, marbit_many_paths, serial_undead, serial_undead_d,
          serial_undead_f, serial_undead_e, serial_undead_a, serial_undead_b,
          serial_undead_c, enter_bailey_2, st_stairs_5, the_bakery,
          minmay_fractal_squares_diagonal_5, uniq_joseph
D:8:      layout_cave_pools, grunt_ministairs_13
D:9:      layout_basic, gammafunk_ghost_wrathful_warriors
D:10:     layout_cave_pools
D:11:     layout_long_grid, due_lair_maze_entry_diamond, minmay_shop_mass,
          uniq_nergalle
Temple:   dpeg_three_leaves_temple
Lair:1:   layout_chaotic_city, portal_ice_cave_rime, dpeg_stationary_puzzle
Lair:2:   layout_gridlike, swamp_mist_pool, grunt_megastairs_5,
          serial_bayou_shore_a
Lair:3:   layout_gridlike, dummy_snake_entry, chequers_serial_rivers_room_b,
          minmay_lair_oklob_bushes
Lair:4:   layout_roguey, gauntlet_entry_generic, serial_bayou_lagoon_a,
          grunt_megastairs_1
Lair:5:   layout_small_grid, slime_altar_1, gammafunk_lair_bear_cave
Lair:6:   guppyfry_lair_end_dragon, layout_hall_layers,
          hangedman_lair_caniforms_friends, minivault_19, uniq_sonja

Skill      XL: |  1  2  3  4  5  6  7  8  9 10 11 12 13 |
---------------+----------------------------------------+-----
Fire Magic     | 4 5 6 8 9 10 11 12 | 12.8
Conjurations   | 2 3 4 5 6 8 9 11 12 13 | 13.1
Spellcasting   | 5 6 7 9 11 12 14 15 16 | 16.0
Stealth        | 3 4 5 |  5.4
Dodging        | 3 4 5 |  5.1
Fighting       | 1 |  1.8
Evocations     | 1 |  1.0
Shields        | 3 5 |  5.8

Action                   |  1- 3 |  4- 6 |  7- 9 | 10-12 | 13-15 || total
-------------------------+-------+-------+-------+-------+-------++-------
Melee: Unarmed           |       |       |     1 |       |       ||     1
       Staff             |       |       |       |     4 |     1 ||     5
 Cast: Flame Tongue      |    58 |   112 |   280 |   377 |    24 ||   851
       Sticky Flame      |       |     2 |    33 |   104 |     7 ||   146
       Conjure Flame     |       |     1 |     6 |     5 |       ||    12
       Throw Flame       |       |       |     5 |    23 |     6 ||    34
       Fireball          |       |       |       |    78 |    21 ||    99
Evoke: Wand              |       |       |     7 |     4 |       ||    11
  Use: Scroll            |       |       |       |    10 |    17 ||    27
       Potion            |       |       |       |     1 |       ||     1
  Eat: Chunk             |       |     6 |    18 |    38 |     8 ||    70
       Ration            |       |       |     1 |       |       ||     1
Armor: Robe              |     1 |     4 |    12 |    15 |     6 ||    38
Dodge: Dodged            |    17 |    11 |    56 |    93 |    24 ||   201
Block: Buckler           |       |       |       |    24 |     5 ||    29

Table legend:
 A = Non-vault XP
 B = Vault XP
 C = Vault XP percentage of total XP
 D = Non-vault monster count
 E = Vault monster count
 F = Vault count percentage of total count
                 A         B        C        D         E       F
            +---------+---------+-------+---------+---------+-------
      Total |   33964 |   13337 |  28.2 |     333 |     101 |  23.3
            +---------+---------+-------+---------+---------+-------
        D:1 |      59 |       0 |   0.0 |      28 |       0 |   0.0
        D:2 |     221 |      21 |   8.7 |      23 |       5 |  17.9
        D:3 |     127 |       0 |   0.0 |      28 |       0 |   0.0
        D:4 |     249 |     254 |  50.5 |       9 |       1 |  10.0
        D:5 |    1035 |     120 |  10.4 |      28 |      21 |  42.9
        D:6 |     660 |     840 |  56.0 |      21 |       5 |  19.2
        D:7 |    1092 |    1726 |  61.2 |      25 |      21 |  45.7
        D:8 |    1506 |     128 |   7.8 |      16 |       1 |   5.9
        D:9 |    2507 |       0 |   0.0 |      23 |       0 |   0.0
       D:10 |    1452 |      88 |   5.7 |      23 |       1 |   4.2
       D:11 |    2987 |    2134 |  41.7 |      27 |      11 |  28.9
     Lair:1 |    4504 |     843 |  15.8 |      19 |       4 |  17.4
     Lair:2 |    2844 |       0 |   0.0 |      14 |       0 |   0.0
     Lair:3 |    3713 |     580 |  13.5 |      20 |       1 |   4.8
     Lair:4 |    9356 |     199 |   2.1 |      23 |       6 |  20.7
     Lair:5 |    1652 |     962 |  36.8 |       6 |       4 |  40.0
      IceCv |       0 |    5442 | 100.0 |       0 |      20 | 100.0
            +---------+---------+-------+---------+---------+-------
